 Dungeon Sprint DCSS version 0.23.0 (webtiles) character file.

Game seed: 9940756933045931028

24885 Freyura the Bludgeoner (level 12, -7/132 HPs)
             Began as a Troll Fighter on Feb 10, 2019.
             Was the Champion of Qazlal.
             Killed from afar by Pozooc the pandemonium lord (30 damage)
             ... with a chain lightning
             ... in the Dungeon (Sprint V: "Ziggurat Sprint").
             The game lasted 00:17:27 (966 turns).

Freyura the Bludgeoner (Troll Fighter)               Turns: 966, Time: 00:17:28

Health: -7/132     AC: 31    Str: 27    XL:     12   Next: 84%
Magic:  0/20       EV: 11    Int:  4    God:    Qazlal [******]
Gold:   0          SH:  8    Dex: 25    Spells: 11/11 levels left

rFire    + . .     SeeInvis .   w - +5 giant spiked club (freeze)
rCold    + . .     Gourm    +   (shield currently unavailable)
rNeg     . . .     Faith    .   x - +5 gold dragon scales
rPois    +         Spirit   .   (helmet restricted)
rElec    +         Reflect  .   B - +2 cloak {rPois}
rCorr    .         Harm     .   (gloves unavailable)
MR       .....     NoTele   +   (boots unavailable)
Stlth    ..........             (no amulet)
HPRegen  0.72/turn              a - +6 ring of dexterity
MPRegen  0.17/turn              b - +6 ring of dexterity

@: protected from electricity, repel missiles
A: large, unfitting armour, claws 3, fast metabolism 3, gourmand, regeneration
1, shaggy fur 1, tough skin 3
a: Upheaval, Elemental Force, Disaster Area, Renounce Religion


You were in the Dungeon.
You worshipped Qazlal.
Qazlal was exalted by your worship.
You were completely stuffed.

You visited 1 branch

Inventory:

Hand Weapons
 w - a +5 giant spiked club of freezing (weapon)
Armour
 x - +5 gold dragon scales (worn)
 B - a +2 cloak of poison resistance (worn)
Jewellery
 a - a +6 ring of dexterity (left claw)
 b - a +6 ring of dexterity (right claw)
 c - a +2 ring of intelligence
 y - a +6 ring of strength
 z - a +6 ring of strength
 A - an uncursed ring of positive energy
 C - the cursed ring "Peubiew" {*Contam rElec rF- EV-3 Str+9}
   (You found it in the Dungeon)

   [ring of evasion]

   It affects your evasion (-3).
   It affects your strength (+9).
   It makes you vulnerable to fire.
   It insulates you from electricity.
   It causes magical contamination when unequipped.
   It has a curse placed upon it.
 D - the cursed ring "Aryluy" {MR+++ MP-9 EV-5 Int+4}
   (You found it in the Dungeon)

   [ring of evasion]

   It affects your evasion (-5).
   It affects your intelligence (+4).
   It affects your resistance to hostile enchantments.
   It affects your magic capacity (-9).
   It has a curse placed upon it.
 E - a +4 ring of dexterity
Scrolls
 k - 4 scrolls of blinking
 q - 4 scrolls of amnesia
 r - 7 scrolls of fog
 t - 5 scrolls of identify
 u - 5 scrolls of remove curse
 v - 2 scrolls of fear
Potions
 d - 7 potions of might
 e - 9 potions of curing
 g - 8 potions of heal wounds
 h - 6 potions of haste
 i - 7 potions of magic
 j - 3 potions of berserk rage
 l - 2 potions of brilliance
 m - 2 potions of invisibility
 n - 4 potions of resistance
 p - 5 potions of agility
Comestibles
 f - 8 rations
 o - 15 chunks of flesh


   Skills:
 + Level 11.9 Fighting
 * Level 17.7 Maces & Flails
 + Level 12.1 Armour
 + Level 12.0 Dodging
   Level 2.4 Shields
 + Level 12.5 Invocations


You had 11 spell levels left.
You didn't know any spells.
Your spell library was empty.

Dungeon Overview and Level Annotations

Branches:
Dungeon (1/1)

Altars:
Ashenzari
Cheibriados
Dithmenos
Elyvilon
Fedhas
Gozag
Hepliaklqana
Kikubaaqudgha
Makhleb
Nemelex Xobeh
Okawaru
Qazlal
Ru
Sif Muna
Trog
Uskayaw
Vehumet
Wu Jian
Xom
Yredelemnul
Zin
The Shining One
Beogh
Jiyva
Lugonu


Innate Abilities, Weirdness & Mutations

You are too large for most types of armour.
You have claws for hands.
Your metabolism is lightning-fast.
You like to eat raw meat.
Your natural rate of healing is unusually fast.
You are covered in fur. (AC +1)
You have extremely tough skin. (AC +3)


Message History

The lightning arc hits Joista Othoo!
Joista Othoo resists.
The lightning arc hits you. You resist.
You feel more protected from electricity.
The lightning arc hits Ridanud!
Ridanud resists.
The lightning arc hits Joista Othoo.
Joista Othoo resists.
Ridanud hits you but does no damage. Fev Toedgh hits you!!
* * * LOW HITPOINT WARNING * * *
Your resistance to electricity fades away.
You feel protected from physical attacks.
You feel your power leaking away.
Unknown command.
You feel better. Joista Othoo completely misses you.
Ridanud is lost in a daze.
Pozooc is engulfed in freezing vapours.
Pozooc gestures.
You hear a mighty clap of thunder!
The lightning arc hits Fev Toedgh!
Fev Toedgh resists.
The lightning arc hits you!!
Your resistance to physical damage fades away.
You feel protected from electricity.
You die...

▓....©†...▓
▓..[[::}})..▓▓▓▓▓▓▓▓▓▓▓
▓..§=[)=:...▓...8©8...▓
▓..§........▓..)".|}..▓
▓...≈≈≈≈.≈..▓...))[...▓
▓...≈.≈.≈.≈.▓.........▓
▓...☼&.○..≈.▓.........▓
▓....&&&.≈≈.▓.........▓
▓..▓○.@°○▓..▓.........▓
▓...§..°....▓.▓.....▓.▓
▓...○.°°....▓....©....▓
▓▓▓▓▓▓▓▓▓▓▓▓▓▓▓▓▓▓▓▓▓▓▓
▓...8©8...▓...8©8...▓..
▓..)[..|).▓..!))||..▓..
▓..)}|))..▓..}=|)|..▓.)
▓....†....▓.........▓..
▓.....)...▓..[.†....▓..


You could see Fev Toedgh (dazed), Joista Othoo (dazed), Pozooc (dazed) and
Ridanud (dazed).

Vanquished Creatures
  A Brimstone Fiend (D)
  An ironheart preserver (D)
  A spriggan defender (D)
  A stone giant (D)
  An apis (D)
  2 red draconians (D)
  A purple draconian (D)
  A dire elephant (D)
  2 green deaths (D)
  A fire dragon (D)
  A hydra (D)
  2 ice dragons (D)
  An anaconda (D)
  A shambling mangrove (D)
  3 spriggan berserkers (D)
  An ogre mage (D)
  A sixfirhy (D)
  A swamp dragon (D)
  A glowing orange brain (D)
  3 draconians (D)
  A faun (D)
  A vault sentinel (D)
  An orange demon (D)
  A hellwing (D)
  2 yaktaurs (D)
  A red devil (D)
  3 hornets (D)
  A slime creature (D)
  A yak (D)
  A steam dragon (D)
  2 acid dragons (D)
  4 hell hounds (D)
  A small abomination (D)
  2 swamp drakes (D)
  A floating eye (D)
  2 orc warriors (D)
  2 eyes of draining (D)
  A necrophage (D)
  A phantom (D)
  A wight (D)
  A crimson imp (D)
  2 orc priests (D)
  A jelly (D)
  5 orc wizards (D)
  4 shadow imps (D)
  2 white imps (D)
  2 ufetubi (D)
  An ooze (D)
  2 adder skeletons (D)
  4 orcs (D)
  2 bat skeletons (D)
  A quokka zombie (D)
  A butterfly (D)
85 creatures vanquished.

Vanquished Creatures (others)
  A red devil (D)
1 creature vanquished.

Grand Total: 86 creatures vanquished

Notes
Turn   | Place    | Note
-------+----------+-------------------------------------------
     0 | D        | Found the +6 Majin-Bo {vamp, Archmagi MP+6 Int+6}
     0 | D        | Found the +7 great mace "Firestarter" {inner flame, rF++}
     0 | D        | Freyura the Troll Fighter began the quest for the Orb.
     0 | D        | Reached XP level 1. HP: 22/22 MP: 0/0
     0 | D        | Found a deep blue altar of Sif Muna.
     0 | D        | Found a bloodstained altar of Trog.
     0 | D        | Found a sacrificial altar of Ru.
     0 | D        | Found a stormy altar of Qazlal.
     0 | D        | Found an iron altar of Okawaru.
     1 | D        | Found a sparkling altar of Nemelex Xobeh.
     1 | D        | Found a blossoming altar of Fedhas.
     3 | D        | Found a transporter.
     3 | D        | Found an ancient bone altar of Kikubaaqudgha.
     3 | D        | Found a viscous altar of Jiyva.
     3 | D        | Found a corrupted altar of Lugonu.
     3 | D        | Found a hazy altar of Hepliaklqana.
     3 | D        | Found a burning altar of Makhleb.
     3 | D        | Found an opulent altar of Gozag.
    52 | D        | Became a worshipper of Qazlal Stormbringer
    60 | D        | Reached skill level 5 in Maces & Flails
    60 | D        | Reached XP level 2. HP: 29/29 MP: 1/1
    79 | D        | Entered arena 2.
    79 | D        | Noticed a slime creature
    79 | D        | Found a transporter.
    83 | D        | Killed a slime creature
    83 | D        | Reached skill level 7 in Maces & Flails
    83 | D        | Reached XP level 3. HP: 39/39 MP: 1/4
    83 | D        | Reached XP level 4. HP: 48/48 MP: 1/5
    83 | D        | Reached XP level 5. HP: 54/54 MP: 1/6
   134 | D        | Entered arena 3.
   134 | D        | Noticed a hell hound
   134 | D        | Found a transporter.
   135 | D        | Found the +7 Kryia's mail coat {PotionHeal*2 rC+}
   139 | D        | Killed a hell hound
   139 | D        | Reached * piety under Qazlal
   139 | D        | Reached skill level 8 in Maces & Flails
   139 | D        | Reached skill level 5 in Armour
   139 | D        | Reached XP level 6. HP: 55/63 MP: 6/8
   155 | D        | Entered arena 4.
   155 | D        | Noticed a floating eye
   155 | D        | Found a transporter.
   157 | D        | Reached ** piety under Qazlal
   158 | D        | Killed a floating eye
   158 | D        | Reached skill level 9 in Maces & Flails
   164 | D        | Reached skill level 5 in Fighting
   164 | D        | Reached skill level 5 in Dodging
   164 | D        | Reached XP level 7. HP: 72/72 MP: 0/9
   166 | D        | Reached skill level 5 in Invocations
   178 | D        | Entered arena 5.
   178 | D        | Found a transporter.
   181 | D        | Reached *** piety under Qazlal
   249 | D        | Entered arena 6.
   249 | D        | Found a transporter.
   255 | D        | Reached **** piety under Qazlal
   256 | D        | Reached skill level 10 in Maces & Flails
   261 | D        | Reached ***** piety under Qazlal
   279 | D        | Entered arena 7.
   279 | D        | Noticed a draconian
   279 | D        | Noticed a red draconian
   279 | D        | Noticed a draconian
   279 | D        | Noticed a red draconian
   279 | D        | Noticed a draconian
   279 | D        | Noticed a purple draconian
   280 | D        | Found a transporter.
   285 | D        | Killed a purple draconian
   285 | D        | Reached skill level 11 in Maces & Flails
   285 | D        | Reached XP level 8. HP: 47/84 MP: 10/12
   289 | D        | Killed a draconian
   289 | D        | Reached XP level 9. HP: 39/93 MP: 10/13
   291 | D        | Killed a red draconian
   291 | D        | Reached skill level 12 in Maces & Flails
   292 | D        | Killed a draconian
   299 | D        | Killed a red draconian
   299 | D        | Reached skill level 13 in Maces & Flails
   299 | D        | Reached XP level 10. HP: 28/106 MP: 12/15
   302 | D        | Killed a draconian
   414 | D        | Entered arena 8.
   414 | D        | Noticed an ogre mage
   414 | D        | Noticed a vault sentinel
   414 | D        | Noticed an ironheart preserver
   414 | D        | Noticed a stone giant
   415 | D        | Found a transporter.
   425 | D        | Killed an ironheart preserver
   427 | D        | Killed a stone giant
   427 | D        | Reached skill level 14 in Maces & Flails
   432 | D        | Killed a vault sentinel
   434 | D        | Reached ****** piety under Qazlal
   445 | D        | Killed an ogre mage
   445 | D        | Reached XP level 11. HP: 47/115 MP: 17/17
   574 | D        | Entered arena 9.
   585 | D        | Found a transporter.
   594 | D        | Entered arena 10.
   594 | D        | Noticed a glowing orange brain
   598 | D        | Reached skill level 10 in Invocations
   607 | D        | Killed a glowing orange brain
   607 | D        | Reached skill level 10 in Armour
   608 | D        | Found a transporter.
   617 | D        | Got the cursed ring "Peubiew" {*Contam rElec rF- EV-3
                  | Str+9}
   640 | D        | Entered arena 11.
   641 | D        | Found a transporter.
   668 | D        | Entered arena 12.
   668 | D        | Noticed an ice dragon
   668 | D        | Noticed a swamp dragon
   669 | D        | Noticed an ice dragon
   669 | D        | Noticed a fire dragon
   669 | D        | Noticed a four-headed hydra
   670 | D        | Found a transporter.
   677 | D        | Killed a swamp dragon
   677 | D        | Reached skill level 15 in Maces & Flails
   677 | D        | Reached skill level 10 in Dodging
   678 | D        | Reached skill level 10 in Fighting
   678 | D        | Killed an ice dragon
   680 | D        | Killed a fire dragon
   681 | D        | Killed a four-headed hydra
   686 | D        | Killed an ice dragon
   791 | D        | Entered arena 13.
   791 | D        | Noticed a spriggan berserker
   791 | D        | Noticed a spriggan berserker
   791 | D        | Noticed a dire elephant
   791 | D        | Noticed an anaconda
   791 | D        | Noticed a spriggan berserker
   791 | D        | Noticed a shambling mangrove
   792 | D        | Noticed a spriggan defender
   792 | D        | Noticed an apis
   793 | D        | Found a transporter.
   794 | D        | Killed a spriggan berserker
   794 | D        | Reached skill level 16 in Maces & Flails
   794 | D        | Killed a spriggan berserker
   794 | D        | Killed an anaconda
   794 | D        | Reached XP level 12. HP: 128/128 MP: 11/19
   802 | D        | Killed a dire elephant
   806 | D        | Killed a shambling mangrove
   807 | D        | Killed a spriggan defender
   809 | D        | Killed an apis
   809 | D        | Reached skill level 17 in Maces & Flails
   841 | D        | Got the cursed ring "Aryluy" {MR+++ MP-9 EV-5 Int+4}
   959 | D        | Entered arena 14.
   959 | D        | Noticed Ridanud the pandemonium lord
   959 | D        | Noticed a green death
   960 | D        | Noticed Joista Othoo the pandemonium lord
   960 | D        | Noticed a Brimstone Fiend
   960 | D        | Noticed Pozooc the pandemonium lord
   960 | D        | Noticed Fev Toedgh the pandemonium lord
   960 | D        | Noticed a green death
   961 | D        | Found the +10 large shield of Ignorance {rN+ Int-4}
   962 | D        | Found the +1 cloak of Starlight {rElec rC+ EV+4 Stlth--}
   963 | D        | Killed a Brimstone Fiend
   965 | D        | Killed a green death
   965 | D        | Killed a green death
   966 | D        | Killed from afar by Pozooc the pandemonium lord

Skill      XL: |  1  2  3  4  5  6  7  8  9 10 11 12 |
---------------+-------------------------------------+-----
Maces & Flails | 5 7 8 9 11 13 14 16 17 | 17.7
Armour         | 3 4 5 7 8 9 11 12 | 12.1
Fighting       | 3 4 5 6 7 8 9 10 11 | 11.9
Dodging        | 4 5 6 7 8 9 10 12 | 12.0
Invocations    | 3 4 6 7 8 9 11 12 | 12.5
Shields        | |  2.4

Action                   |  1- 3 |  4- 6 |  7- 9 | 10-12 || total
-------------------------+-------+-------+-------+-------++-------
Melee: Giant spiked club |     3 |    22 |    32 |    79 ||   136
Invok: Disaster Area     |       |       |       |     8 ||     8
  Use: Potion            |     1 |       |     1 |     2 ||     4
       Scroll            |       |       |     1 |     1 ||     2
  Eat: Chunk             |       |       |     7 |     8 ||    15
Armor: Gold dragon scale |     5 |    56 |    40 |    99 ||   200
Dodge: Dodged            |     1 |    16 |    12 |    72 ||   101
       Deflected         |       |       |       |     4 ||     4
Block: Other             |       |     2 |    12 |    36 ||    50
